 Dungeon Crawl Stone Soup version 0.17-a0-1840-g87820a2 (webtiles) character file.

30207 mcbry74 the Grappler (level 13, -4/136 HPs)
             Began as a Troll Chaos Knight on Sept 16, 2015.
             Slain by an eight-headed hydra (8 damage)
             ... on level 13 of the Dungeon.
             The game lasted 02:32:11 (16655 turns).

mcbry74 the Grappler (Troll Chaos Knight)          Turns: 16655, Time: 02:32:23

Health: -4/136     AC: 14    Str: 25    XL:     13   Next: 19%
Magic:  9/12       EV: 16    Int: 13    God:    Xom [..*...]
Gold:   1093       SH:  0    Dex: 17    Spells: 0 memorised, 12 levels left

rFire  . . .     SeeInvis .       - Unarmed
rCold  + . .     Clarity  +     a - +2 robe
rNeg   . . .     SustAt   .     (no shield)
rPois  .         Gourm    +     (helmet restricted)
rElec  +         Spirit   .     (no cloak)
rCorr  .         Warding  .     (gloves unavailable)
rMut   .         Stasis   .     (boots unavailable)
MR     .....                    h - amulet of the gourmand (curse)
Stlth  +++.......               g - +3 ring of dexterity
                                o - +5 ring of intelligence

@: about to teleport, not resistant to hostile enchantments, fairly stealthy
A: unfitting armour, claws 3, talons 1, iridescent scales 1, rough black scales
1, camouflage 1, agile 1, breathe flames 2, clarity, cold resistance 1, deformed
body, fast metabolism 3, gourmand, sense surroundings 2, regeneration 2, shaggy
fur 1, electricity resistance, strong 1, tough skin 2, wild magic 2, MP-powered
wands
a: Renounce Religion, Breathe Fire


You were on level 13 of the Dungeon.
You worshipped Xom.
You were a toy of Xom.
You were full.

You visited 2 branches of the dungeon, and saw 14 of its levels.
You also visited: Sewer and Ossuary.

You collected 1093 gold pieces.

Inventory:

Missiles
 C - 2 javelins of returning (quivered)
Armour
 a - a +2 robe (worn)
Jewellery
 g - a +3 ring of dexterity (right claw)
 h - a cursed amulet of the gourmand (around neck)
 o - a +5 ring of intelligence (left claw)
 P - an uncursed ring of stealth {unknown}
Magical devices
 m - a wand of slowing (14)
 w - a wand of paralysis (10)
 M - a wand of paralysis (17)
 O - a wand of cold (10)
Scrolls
 c - 3 scrolls of fear
 d - 4 scrolls of recharging
 e - a scroll of immolation
 f - 11 scrolls of teleportation
 k - a scroll of enchant armour {unknown}
 q - 10 scrolls of identify
 s - 2 scrolls of fog
 t - 4 scrolls of remove curse
 v - 2 scrolls of magic mapping
 y - 3 scrolls of enchant weapon
Potions
 i - 5 potions of brilliance
 p - 2 potions of invisibility
 u - a potion of ambrosia {unknown}
 z - 5 potions of might
 A - 4 potions of haste
 E - 5 potions of curing
 I - a potion of resistance {unknown}
 J - a potion of degeneration {unknown}
 L - a potion of agility
 N - a potion of lignification
Books
 B - Ekore's Introduction to Spellcraft
   (You found it on level 8 of the Dungeon)

   Spells                             Type                      Level
   a - Infusion                       Charms                       1
   b - Flame Tongue                   Conjuration/Fire             1
   c - Shock                          Conjuration/Air              1
   d - Pain                           Necromancy                   1
   e - Summon Small Mammal            Summoning                    1
 F - a book of Transfigurations

   Spells                             Type                      Level
   a - Stoneskin                      Transmutation/Earth          2
   b - Irradiate                      Conjuration/Transmutation    5
   c - Statue Form                    Transmutation/Earth          6
   d - Hydra Form                     Transmutation                6
   e - Dragon Form                    Transmutation                7
 H - Xom's Catalogue of the Blind Marksman
   (Xom gifted it to you on level 11 of the Dungeon)

   Spells                             Type                      Level
   a - Flame Tongue                   Conjuration/Fire             1
   b - Sting                          Conjuration/Poison           1
   c - Inner Flame                    Hexes/Fire                   3
   d - Sticky Flame                   Conjuration/Fire             4
   e - Ring of Flames                 Charms/Fire                  7
 Q - a Grand Grimoire

   Spells                             Type                      Level
   a - Monstrous Menagerie            Summoning                    6
   b - Summon Greater Demon           Summoning                    7
   c - Malign Gateway                 Summoning/Translocation      7
   d - Summon Horrible Things         Summoning                    8
Miscellaneous
 l - a plain deck of summoning
 G - a crystal ball of energy
 K - a crystal ball of energy
Comestibles
 b - 2 bread rations
 j - 5 beef jerkies
 n - 2 slices of pizza
 r - 2 royal jellies
 x - 7 meat rations
 D - 12 fruits
 R - 5 chunks of flesh


   Skills:
 * Level 10.9 Fighting
 + Level 5.0 Throwing
 + Level 9.9 Dodging
 - Level 1.0 Stealth
 * Level 13.8 Unarmed Combat
 + Level 0.1 Evocations


You had 12 spell levels left.
You didn't know any spells.

Dungeon Overview and Level Annotations

Branches:
Dungeon (13/15)            Temple (1/1) D:6            Lair (0/8) D:8
    Orc (0/4) D:9          Vaults (0/5) D:13

Altars:
Ashenzari
Cheibriados
Dithmenos
Elyvilon
Fedhas
Gozag
Kikubaaqudgha
Makhleb
Nemelex Xobeh
Okawaru
Qazlal
Ru
Sif Muna
Trog
Vehumet
Xom
Yredelemnul
Zin
The Shining One
Beogh

Shops:
D:7 [   D:9 :!*


Innate Abilities, Weirdness & Mutations

You are too large for most types of armour.
You have claws for hands.
Your metabolism is lightning-fast.
You like to eat raw meat.
You heal very quickly.
You are covered in fur (AC +1).
You have very tough skin (AC +2).
You have sharp toenails.
You are partially covered in iridescent scales (AC +4).
You are partially covered in rough black scales (AC +4, Dex -1).
Your skin changes colour to match your surroundings (Stealth).
You are agile. (Dex +2)
You can breathe fire.
You possess an exceptional clarity of mind.
Your flesh is cold resistant.
Armour fits poorly on your strangely shaped body.
You passively map the area around you.
You are resistant to electric shocks.
Your muscles are strong. (Str +2)
Your spells are harder to cast, but more powerful.
You expend magic power (3 MP) to strengthen your wands.


Message History

You claw the eight-headed hydra.
The eight-headed hydra is heavily wounded.
The eight-headed hydra bites you!
The eight-headed hydra closely misses you.
The eight-headed hydra barely misses you. x2
The eight-headed hydra bites you! x2
* * * LOW HITPOINT WARNING * * *
The eight-headed hydra bites you but does no damage.
The eight-headed hydra bites you!
* * * LOW HITPOINT WARNING * * *
Read which item? (? for menu, Esc to quit)
As you read the scroll of teleportation, it crumbles to dust.
You feel strangely unstable. The eight-headed hydra bites you!
* * * LOW HITPOINT WARNING * * *
The eight-headed hydra misses you. The eight-headed hydra bites you!
* * * LOW HITPOINT WARNING * * *
The eight-headed hydra completely misses you.
The eight-headed hydra bites you!
You die...
Xom snickers!

.................#
..#...........>..#
.............#####
.....##.##...#...#
#.#.###.##.[.#..(#
#######'###..#.).#
.###.##.###..###'#
...'(##.#.......(#
.8##.##.####.###@#
...'(##....#.#..D#
...#.##..8.#.#%..#
...'?##....#.#...#
.8##)##.####.###o#
...'(##)# ... ..#
.###.##.# .. #l#
#######'# ..#
#8###8#.###..#


You could see an eight-headed hydra, a basilisk and an orc.

Vanquished Creatures
  2 vault guards
  Erolcha (D:8)
  A deep elf high priest (D:13)
  2 centaur warriors (D:13)
  3 unseen horrors
  4 hill giants
  A manticore (D:12)
  4 ugly things
  A centaur zombie (D:11)
  A gargoyle (D:11)
  A spiny frog (D:10)
  4 trolls
  A queen bee (shapeshifter) (D:13)
  A two-headed ogre (D:13)
  8 slime creatures (D:13)
  33 yaks
  A wraith (D:13)
  2 shadows
  4 deep elf magi
  A basilisk (D:12)
  3 wyverns
  A hippogriff (D:11)
  Edmund (D:4)
  4 wargs (D:12)
  2 hungry ghosts
  9 orc warriors
  An ice beast (D:9)
  5 phantoms
  A wasp (D:7)
  7 ogres
  2 black bears (D:11)
  2 eyes of draining
  7 sky beasts
  A crocodile (D:13)
  2 big kobolds (D:13)
  10 centaurs
  8 giant frogs
  A wyvern skeleton (D:11)
  A water moccasin skeleton (D:8)
  14 killer bees
  5 scorpions
  23 wights
  9 crimson imps
  19 orc wizards
  10 hounds
  5 orc priests
  10 jellies
  2 giant frog skeletons
  7 worker ants
  3 centaur skeletons
  A killer bee zombie (D:11)
  A big kobold zombie (Ossuary)
  8 mummies (Ossuary)
  2 hound skeletons
  Robin (D:2)
  7 gnolls
  16 adders
  3 shadow imps
  4 oozes
  3 adder zombies
  An adder skeleton (D:3)
  5 worms
  13 giant geckos
  52 orcs
  A gnoll zombie (Ossuary)
  15 goblins
  3 hobgoblins
  6 jackals
  10 kobolds
  3 ball pythons
  10 bats
  10 giant cockroaches
  2 giant gecko skeletons
  A giant gecko zombie (D:8)
  7 giant newts
  A hobgoblin zombie (Ossuary)
  2 kobold zombies (Ossuary)
  3 orc zombies (Ossuary)
  2 quokkas
  8 rats
452 creatures vanquished.

Vanquished Creatures (collateral kills)
  A yak (D:10)
  2 big kobolds (D:7)
  An orc priest (D:7)
  An ooze (D:7)
  An orc (D:7)
  3 kobolds (D:7)
  A bush (D:6)
10 creatures vanquished.

Vanquished Creatures (others)
  Blork the orc (D:4)
1 creature vanquished.

Grand Total: 463 creatures vanquished

Notes
Turn   | Place    | Note
--------------------------------------------------------------
     0 | D:1      | mcbry74 the Troll Chaos Knight began the quest for the Orb.
     0 | D:1      | Reached XP level 1. HP: 22/22 MP: 0/0
   130 | D:1      | Reached XP level 2. HP: 29/29 MP: 1/1
   178 | D:1      | Found a shattered altar of Ashenzari.
   540 | D:2      | XOM: noise
   554 | D:2      | Noticed Robin
   565 | D:2      | XOM: potion effect (curing)
   566 | D:2      | Killed Robin
   566 | D:2      | Reached XP level 3. HP: 32/36 MP: 2/2
   692 | D:2      | Found an iron altar of Okawaru.
   730 | D:2      | Found a sparkling altar of Nemelex Xobeh.
   920 | D:2      | XOM: silly message
  1152 | D:3      | Reached XP level 4. HP: 39/44 MP: 3/3
  1153 | D:3      | XOM is BORED!
  1153 | D:3      | XOM: mild Pois miscast
  1204 | D:3      | XOM: harmless Trmt miscast
  1351 | D:3      | Found a bloodstained altar of Trog.
  1357 | D:3      | Found a basalt altar of Yredelemnul.
  1457 | D:3      | XOM: divination: magic mapping
  1623 | D:3      | Found a glowing drain.
  1628 | Sewer    | Entered a sewer
  1755 | Sewer    | XOM is BORED!
  1755 | Sewer    | XOM: noise
  2081 | Sewer    | Gained mutation: You evolve. [potion of mutation]
  2081 | Sewer    | Gained mutation: Scrolls take you a little longer to read. [potion of mutation]
  2081 | Sewer    | Gained mutation: You can breathe flames. [potion of mutation]
  2225 | Sewer    | Reached skill level 4 in Unarmed Combat
  2226 | Sewer    | Reached XP level 5. HP: 50/53 MP: 4/4
  2366 | D:3      | Gained mutation: Your skin changes colour to match your surroundings (Stealth). [potion of mutation]
  2366 | D:3      | Gained mutation: Your flesh is cold resistant. [potion of mutation]
  2366 | D:3      | Gained mutation: Your spells are a little harder to cast, but a little more powerful. [potion of mutation]
  2670 | D:3      | Found a glowing silver altar of Zin.
  2670 | D:3      | Noticed an angel
  2677 | D:3      | XOM: medium Tloc miscast
  2857 | D:4      | Reached XP level 6. HP: 58/61 MP: 5/5
  2903 | D:4      | Noticed a phantom
  2928 | D:4      | XOM: noise
  2944 | D:4      | XOM: potion effect (invisibility)
  2952 | D:4      | XOM: summons 2 friendly demons
  2962 | D:4      | Killed a phantom
  2962 | D:4      | Reached skill level 5 in Unarmed Combat
  3027 | D:4      | Found a shimmering altar of Xom.
  3068 | D:4      | Noticed Blork the orc
  3070 | D:4      | Noticed Edmund
  3072 | D:4      | Found a stormy altar of Qazlal.
  3079 | D:4      | XOM: swap monsters
  3083 | D:4      | XOM: chaos upgrade
  3089 | D:4      | Killed Edmund
  3105 | D:4      | Killed Blork the orc
  3231 | D:4      | Found a burning altar of Makhleb.
  3231 | D:4      | Found a blossoming altar of Fedhas.
  3257 | D:4      | XOM: summons 6 friendly demons
  3261 | D:4      | Reached XP level 7. HP: 65/68 MP: 6/6
  3267 | D:4      | Noticed an ogre
  3275 | D:4      | Killed an ogre
  3438 | D:4      | Noticed an ogre
  3440 | D:4      | XOM: chaos upgrade
  3442 | D:4      | Killed an ogre
  3443 | D:4      | XOM: colour smoke trail
  3585 | D:5      | Entered Level 5 of the Dungeon
  3647 | D:5      | Reached skill level 1 in Stealth
  3676 | D:5      | Reached skill level 6 in Unarmed Combat
  3777 | D:5      | XOM: smoke on damage
  3781 | D:5      | XOM: severe Air miscast
  3791 | D:5      | XOM: polymorph worker ant -> scorpion
  3865 | D:5      | XOM: summons 3 hostile demons
  3916 | D:5      | XOM: 6-stop teleportation journey
  4067 | D:5      | Found an ancient bone altar of Kikubaaqudgha.
  4159 | D:5      | Reached XP level 8. HP: 71/79 MP: 7/7
  4710 | D:6      | XOM: god gift: 53 gold pieces
  4782 | D:6      | XOM: medium Chrm miscast
  4791 | D:6      | Reached skill level 5 in Fighting
  4791 | D:6      | Reached skill level 5 in Dodging
  4814 | D:6      | Found a blossoming altar of Fedhas.
  4833 | D:6      | XOM: confusion
  4838 | D:6      | XOM: polymorph centaur -> wyvern
  4841 | D:6      | XOM: enchant monster (good)
  4876 | D:6      | XOM: blink monster(s)
  4880 | D:6      | HP: 4/80 [wyvern (8)]
  4977 | D:6      | XOM: mild Divn miscast
  5007 | D:6      | XOM: mild Trmt miscast
  5064 | D:6      | Reached skill level 7 in Unarmed Combat
  5227 | D:6      | Gained mutation: Armour fits poorly on your strangely shaped body. [mutagenic meat]
  5228 | D:6      | Lost mutation: Scrolls take you a little longer to read. [mutagenic meat]
  5229 | D:6      | Gained mutation: You expend magic power (3 MP) to strengthen your wands. [mutagenic meat]
  5233 | D:6      | Found a staircase to the Ecumenical Temple.
  5246 | Temple   | Entered the Ecumenical Temple
  5724 | D:6      | XOM: divination: detect creatures
  5952 | D:7      | XOM: god gift: club {god gift}
  5959 | D:7      | XOM: severe Divn miscast
  5999 | D:7      | Found Ofidyiraj's Armour Shoppe.
  6016 | D:7      | Reached XP level 9. HP: 60/89 MP: 8/8
  6042 | D:7      | XOM: silly message
  6436 | D:7      | XOM: potion effect (might)
  6440 | D:7      | Reached skill level 8 in Unarmed Combat
  6509 | D:7      | XOM: god gift: scroll of teleportation
  6852 | D:7      | XOM: god gift: 12 arrows of frost
  6998 | D:7      | XOM: medium Ice miscast
  7225 | D:8      | Found a staircase to the Lair.
  7301 | D:8      | Found a sand-covered staircase.
  7306 | Ossuary  | Entered an ossuary
  7385 | Ossuary  | XOM: 1-stop teleportation journey
  7619 | D:8      | Identified Ekore's Introduction to Spellcraft
  7657 | D:8      | XOM: colour smoke trail
  7672 | D:8      | Reached skill level 1 in Throwing
  7861 | D:8      | XOM: confuse monster(s)
  7863 | D:8      | Reached skill level 9 in Unarmed Combat
  7877 | D:8      | Lost mutation: You evolve. [mutagenic meat]
  7879 | D:8      | Gained mutation: You have sharp toenails. [mutagenic meat]
  7880 | D:8      | Gained mutation: Your flesh is heat resistant. [mutagenic meat]
  7916 | D:8      | Noticed Erolcha
  7921 | D:8      | XOM: divination: detect creatures
  7923 | D:8      | XOM: blink monster(s)
  7930 | D:8      | Killed Erolcha
  7930 | D:8      | Reached XP level 10. HP: 17/102 MP: 9/9
  7945 | D:8      | XOM: colour smoke trail
  8091 | D:8      | XOM: enchant monster (bad)
  8172 | D:8      | Found a blossoming altar of Fedhas.
  8231 | D:8      | XOM: medium Pois miscast
  8358 | D:8      | XOM: give mutations
  8358 | D:8      | Gained mutation: You are resistant to electric shocks. [Xom's grace]
  8358 | D:8      | Gained mutation: Your spells are harder to cast, but more powerful. [Xom's grace]
  8358 | D:8      | Gained mutation: You are partially covered in iridescent scales (AC +4). [Xom's grace]
  8587 | D:8      | Noticed a centaur skeleton
  8599 | D:8      | Killed a centaur skeleton
  8599 | D:8      | Reached skill level 10 in Unarmed Combat
  8657 | D:8      | XOM: harmless Conj miscast
  8897 | D:9      | XOM: harmless Summ miscast
  8905 | D:9      | XOM: harmless Fire miscast
  8921 | D:9      | Found Zesed's Distillery.
  9200 | D:9      | XOM: enchant monster (bad)
  9404 | D:9      | Found a staircase to the Orcish Mines.
  9417 | D:9      | Found a roughly hewn altar of Beogh.
  9534 | D:9      | Found Yvvocadgh's Assorted Antiques.
  9534 | D:9      | XOM: 2-stop teleportation journey
  9685 | D:9      | XOM: silly message
  9716 | D:9      | XOM: cast spell 'Dispersal'
  9728 | D:9      | XOM: mild Tloc miscast
  9744 | D:9      | XOM: colour smoke trail
  9857 | D:9      | XOM: silly message
  9940 | D:9      | Reached XP level 11. HP: 92/113 MP: 10/10
  9996 | D:9      | Found Sugib's Book Shoppe.
 10174 | D:10     | Entered Level 10 of the Dungeon
 10178 | D:10     | XOM: summons 2 friendly demons
 10345 | D:10     | Reached skill level 11 in Unarmed Combat
 10345 | D:10     | XOM: stat loss: -1 Str (21/22)
 10346 | D:10     | XOM: summons 2 friendly demons
 10354 | D:10     | XOM: divination: magic mapping
 10364 | D:10     | XOM: confusion
 10365 | D:10     | XOM: swap monsters
 10366 | D:10     | XOM: give mutation
 10366 | D:10     | Gained mutation: You can breathe fire. [Xom's grace]
 10368 | D:10     | XOM: polymorph yak -> spiny frog
 10763 | D:10     | XOM: give mutations
 10763 | D:10     | Gained mutation: You possess an exceptional clarity of mind. [Xom's grace]
 10763 | D:10     | Gained mutation: You are partially covered in rough black scales (AC +4, Dex -1). [Xom's grace]
 10763 | D:10     | Gained mutation: You passively map a small area around you. [Xom's grace]
 10905 | D:10     | XOM: potion effect (invisibility)
 11145 | D:11     | XOM: noise
 11176 | D:11     | XOM: cast spell 'Dragon Form'
 11306 | D:11     | Noticed a hill giant
 11318 | D:11     | Killed a hill giant
 11352 | D:11     | XOM is BORED!
 11352 | D:11     | XOM: summons 5 hostile demons
 11717 | D:11     | XOM: 1-stop teleportation journey
 11804 | D:11     | XOM: fog
 11806 | D:11     | XOM: enchant monster (good)
 11837 | D:11     | XOM: god gift: crooked runed staff {god gift}
 11955 | D:11     | XOM: give mutations
 11955 | D:11     | Gained mutation: You are agile. (Dex +2) [Xom's grace]
 11955 | D:11     | Gained mutation: You passively map the area around you. [Xom's grace]
 12094 | D:11     | XOM: enchant monster (good)
 12407 | D:11     | XOM: confuse monster(s)
 12410 | D:11     | XOM: medium Ice miscast
 12419 | D:11     | Reached skill level 12 in Unarmed Combat
 12869 | D:12     | XOM: cast spell 'Ice Form'
 12907 | D:12     | XOM: scenery: 5 doors open
 12978 | D:12     | XOM: summons friendly ufetubus
 13347 | D:11     | XOM: god gift: yellowed book {god gift}
 13348 | D:11     | Identified Xom's Catalogue of the Blind Marksman (Xom gifted it to you on level 11 of the Dungeon)
 13434 | D:12     | Killed an unseen horror
 13434 | D:12     | Reached XP level 12. HP: 45/126 MP: 11/11
 13589 | D:12     | XOM: smoke on damage
 13632 | D:12     | XOM: fog
 13724 | D:12     | XOM: scenery: 1 doors open
 13728 | D:12     | Lost mutation: Your flesh is heat resistant. [mutagenic meat]
 13875 | D:12     | XOM: vitrification
 13899 | D:12     | Reached skill level 10 in Fighting
 13999 | D:12     | XOM: give mutation
 13999 | D:12     | Gained mutation: Your muscles are strong. (Str +2) [Xom's grace]
 14007 | D:12     | XOM: scenery: 3 doors close
 14206 | D:12     | XOM: enchant monster (good)
 14678 | D:13     | XOM: enchant monster (good)
 14713 | D:13     | XOM: blink monster(s)
 14716 | D:13     | XOM: cast spell 'Ring of Flames'
 14717 | D:13     | XOM: harmless Ice miscast
 14771 | D:13     | Reached skill level 13 in Unarmed Combat
 14799 | D:13     | XOM: noise
 14841 | D:13     | Noticed a centaur warrior
 14852 | D:13     | Killed a centaur warrior
 14994 | D:13     | Noticed a deep elf high priest
 15004 | D:13     | Killed a deep elf high priest
 15009 | D:13     | XOM: god gift: 15 gold pieces
 15032 | D:13     | XOM: noise
 15154 | D:13     | Noticed a vault guard
 15333 | D:13     | Killed a vault guard
 15337 | D:12     | XOM is BORED!
 15337 | D:12     | XOM: medium Chrm miscast
 15687 | D:12     | XOM: colour smoke trail
 15827 | D:13     | Noticed a vault guard
 15830 | D:13     | Noticed a vault guard
 15854 | D:12     | XOM: swap monsters
 15864 | D:12     | Killed a vault guard
 15868 | D:12     | a vault guard changed into something unseen
 15868 | D:12     | XOM: polymorph vault guard -> something unseen
 15998 | D:12     | XOM: enchant monster (good)
 16067 | D:12     | Reached XP level 13. HP: 135/135 MP: 12/12
 16067 | D:12     | XOM: divination: detect creatures
 16080 | D:12     | XOM: cast spell 'Hydra Form'
 16277 | D:13     | XOM: enchant monster (bad)
 16290 | D:13     | XOM: 3-stop teleportation journey
 16303 | D:13     | XOM: fog
 16464 | D:13     | Found a gate to the Vaults.
 16619 | D:13     | Noticed a centaur warrior
 16634 | D:13     | Killed a centaur warrior
 16634 | D:13     | Reached skill level 5 in Throwing
 16649 | D:13     | Noticed a five-headed hydra
 16655 | D:13     | HP: 4/136 [eight-headed hydra (12)]
 16655 | D:13     | Slain by an eight-headed hydra

Vault maps used:
D:1:      minmay_arrival_jagged, evilmike_ruin_ashenzari
D:2:      okawaru_trees_1, nemelex_deck, grunt_decor_arrowhead, uniq_robin
D:3:      zin_angel, grunt_temple_overflow_open, gup_sewer_entry_bowl,
          kennysheep_boxes
D:4:      grunt_qazlal_clouds, gammafunk_temple_overflow_elements, first_bread,
          xom_teletrap_fun, uniq_edmund, uniq_blork_the_orc
D:5:      lemuel_tele_altar
D:6:      temple_hall, fedhas_bush_and_centaur_altar
D:7:      serial_shops, nicolae_shop_trees
D:8:      lair_0_dummy, enter_ossuary_5, hangedman_tree_tricks, uniq_erolcha
D:9:      minmay_orc_entry_temple_small, serial_shops,
          nicolae_shop_behind_doors, shop, kennysheep_mini
D:12:     nooodl_orcs_dogs
D:13:     wad_statue_garden, lightli_vaults_fourway_checkpoint,
          lab_entry_generic
Temple:   triangle_lava_temple_11
Sewer:    sewer_fruit_machine
Ossuary:  ossuary_tomb_3

Action                   |  1- 3 |  4- 6 |  7- 9 | 10-12 | 13-15 || total
-------------------------+-------+-------+-------+-------+-------++-------
Melee: Unarmed           |   115 |   228 |   364 |   732 |    62 ||  1501
Throw: Stone             |       |       |     6 |       |       ||     6
       Javelin           |       |       |    23 |    92 |    10 ||   125
 Abil: Breathe Fire      |       |     1 |       |     4 |       ||     5
Evoke: Wand              |       |       |       |     1 |     1 ||     2
  Use: Scroll            |     6 |     4 |     7 |     2 |     1 ||    20
       Potion            |       |     8 |     6 |     1 |       ||    15
 Stab: Invisible         |       |     3 |       |       |       ||     3
       Sleeping          |       |     1 |     9 |    12 |       ||    22
       Distracted        |       |       |     1 |     3 |       ||     4
       Confused          |       |       |     1 |       |       ||     1
       Petrified         |       |       |       |     2 |       ||     2
       Petrifying        |       |       |       |     1 |       ||     1
  Eat: Meat ration       |     1 |       |       |     1 |       ||     2
       Chunk             |     3 |    22 |    39 |    70 |     1 ||   135
       Beef jerky        |       |     1 |       |       |       ||     1
       Bread ration      |       |       |     3 |       |       ||     3
       Fruit             |       |       |       |     6 |       ||     6
